Map: [EWC] Site Delta

Players

ByuN - Winner!

  • Race: Terran Terran
  • Spawn Location: 5:00

Spirit

  • Race: Terran Terran
  • Spawn Location: 11:00

Event: Esports World Cup 2024

VOD

Have the link to the VOD?

Description

Time

  • Played on: Aug. 15, 2024, 5:47 a.m.
  • Length: 15:42

All games in this series

Show
View Real Time Build Order
Export as new Build Order

ByuN Terran - Winner!

Build Orders:  

Get SALT Encoding   

  12  0:00  SCV  
  13  0:12  SCV  
  14  0:17  Supply Depot  
  14  0:24  SCV  
  15  0:39  Barracks  
  15  0:41  Refinery  
  16  0:53  Barracks  
  16  0:56  SCV  
  16  1:04  Refinery  
  16  1:09  SCV  
  17  1:21  SCV  
  18  1:27  Reaper  
  19  1:35  Orbital Command  
  19  1:40  Reaper  
  20  1:56  Supply Depot  
  20  1:59  Reaper  
  20  2:01  SCV  
  22  2:12  Reaper  
  22  2:15  Factory  
  23  2:18  SCV  
  24  2:30  SCV  
  24  2:34  Reaper  
  26  2:42  SCV  
  27  2:44  Reaper  
  28  2:54  Command Center  
  28  2:56  SCV  
  28  3:08  SCV  
  28  3:11  Cyclone  
  30  3:16  Starport  
  30  3:23  Supply Depot  
  30  3:25  SCV  
  31  3:29  Barracks Reactor  
  31  3:45  SCV, Cyclone  
  34  3:53  Medivac  
  36  3:57  SCV  
  36  4:01  Refinery  
  37  4:06  Orbital Command  
  37  4:07  Marine x2  
  39  4:13  SCV  
  40  4:19  Barracks Tech Lab  
  40  4:20  Factory Tech Lab  
  40  4:23  Viking  
  42  4:26  Supply Depot, Marine x2  
  45  4:31  SCV x2  
  46  4:38  Siege Tank  
  46  4:43  SCV x2  
  51  4:49  Supply Depot  
  51  4:50  Stimpack  
  51  4:54  Marine x2  
  51  4:59  SCV x2  
  54  5:02  Starport Reactor  
  54  5:08  Supply Depot  
  54  5:11  SCV x2  
  54  5:13  Siege Tank  
  59  5:17  Marine x3  
  62  5:23  SCV x2  
  64  5:31  Supply Depot  
  64  5:35  SCV  
  64  5:36  SCV  
  64  5:37  Marine x3  
  71  5:43  Medivac x2  
  71  5:48  SCV x2  
  75  5:50  Siege Tank  
  75  5:55  Supply Depot  
  78  5:58  Marine x3  
  78  6:01  SCV x2  
  83  6:16  Marine x3  
  86  6:20  Supply Depot  
  86  6:23  SCV x2  
  88  6:25  Command Center  
  88  6:26  Starport Reactor  
  88  6:29  Barracks  
  88  6:31  Siege Tank  
  91  6:35  Engineering Bay  
  91  6:40  Engineering Bay  
  91  6:42  Supply Depot, SCV  
  91  6:43  SCV  
  91  6:46  Marine  
  91  6:47  Marine x2  
  94  6:50  Combat Shield  
  96  6:55  Refinery  
  96  6:56  SCV x2  
  98  7:04  Marine x2  
  98  7:08  SCV x2  
  98  7:19  Missile Turret  
  98  7:20  SCV x2  
  85  7:25  Marine x2  
  85  7:28  Marine x2  
  88  7:32  SCV x2  
  87  7:44  SCV x2  
  87  7:45  Marine x2  
  87  7:49  Marine  
  92  7:52  Siege Tank, Marine x2  
  92  7:56  SCV x2  
  89  8:01  Medivac x2  
  89  8:07  Terran Infantry Weapons Level 1, Terran Infantry Armor Level 1  
  89  8:08  SCV x2  
  89  8:10  Marine x3  
  94  8:13  Marine x2  
  96  8:22  Barracks  
  96  8:23  SCV  
  98  8:28  Barracks  
  98  8:29  Orbital Command  
  98  8:32  SCV  
  98  8:34  Marine x3  
  98  8:35  SCV  
  102  8:43  Siege Tank, Marine  
  102  8:44  SCV, Marine  
  102  8:47  SCV  
  109  8:48  Armory  
  109  8:56  SCV  
  109  8:57  Marine x3  
  109  8:59  SCV  
  109  9:00  Medivac  
  109  9:01  Marine x2  
  109  9:02  SCV  
  119  9:08  SCV  
  120  9:11  SCV, Barracks Reactor  
  120  9:14  Supply Depot, SCV  
  120  9:15  Barracks Reactor  
  120  9:16  Siege Tank  
  125  9:20  Supply Depot  
  125  9:23  Marine x2  
  125  9:29  Orbital Command  
  125  9:32  Marine x2  
  125  9:33  SCV, Marine  
  125  9:34  SCV  
  125  9:38  Supply Depot  
  123  9:41  Marine x2  
  123  9:45  SCV  
  119  9:46  SCV  
  119  9:50  Marine x4  
  119  9:51  Marine x2  
  126  9:55  SCV  
  126  9:57  SCV  
  126  9:58  SCV  
  129  10:07  SCV, Terran Infantry Armor Level 2, Terran Infantry Weapons Level 2  
  129  10:08  Sensor Tower  
  129  10:09  SCV  
  129  10:10  SCV  
  132  10:15  Marine x5  
  132  10:16  Supply Depot, Marine  
  132  10:17  Marine  
  132  10:19  SCV  
  132  10:20  Marine x2  
  142  10:21  SCV  
  142  10:23  SCV  
  144  10:31  Siege Tank  
  144  10:33  Marine  
  144  10:35  Supply Depot  
  149  10:37  Viking  
  149  10:40  SCV  
  149  10:41  SCV x2  
  151  10:46  Supply Depot  
  143  10:55  Marine  
  143  10:56  Marine x6  
  150  11:00  Marine x2  
  150  11:12  Medivac x2  
  150  11:13  Marine  
  150  11:14  Marine  
  155  11:24  Marine x2  
  150  11:27  Marine x4  
  150  11:28  Marine  
  150  11:31  Marine x2  
  148  11:42  Marine x2, Medivac x2  
  148  11:44  Marine x2  
  148  11:45  Marine x2  
  148  11:46  Marine  
  156  11:49  Marine x2  
  158  11:59  Marine x2  
  159  12:02  Marine  
  159  12:03  Marine  
  159  12:04  Marine x3  
  150  12:09  Marine x2  
  150  12:12  Medivac x2  
  150  12:13  Siege Tank  
  158  12:20  Marine x2  
  158  12:21  Marine x3  
  158  12:22  Marine x2  
  164  12:23  Terran Vehicle Weapons Level 1  
  164  12:26  Marine x2  
  164  12:29  Supply Depot  
  167  12:31  Supply Depot  
  167  12:33  Command Center  
  158  12:38  Marine x2  
  158  12:39  Marine x4  
  158  12:40  Marine  
  159  12:44  Marine x2  
  161  12:54  Medivac  
  161  12:56  Marine x3, Medivac  
  161  12:57  Marine x3  
  161  12:58  Marine  
  172  13:02  Marine x2  
  174  13:07  Siege Tank  
  177  13:14  Marine x4  
  177  13:15  Marine  
  177  13:16  Marine  
  184  13:20  Marine x2  
  184  13:24  Medivac  
  187  13:31  Marine, Factory  
  187  13:32  Marine x2  
  187  13:33  Barracks Reactor  
  190  13:39  Siege Tank  
  193  13:47  Medivac  
  193  13:48  Marine x2  
  196  13:50  Marine  
  196  13:54  Marine  
  196  13:55  Marine  
  197  13:57  Marine x2  
  197  13:58  Marine  
  191  14:05  Marine  
  191  14:06  Marine, Viking  
  191  14:07  Marine  
  195  14:10  Marine  
  195  14:12  Marine  
  195  14:13  Planetary Fortress, Marine  
  195  14:15  Marine x2, Missile Turret  
  199  14:32  Siege Tank, Marine  
  199  14:36  Marine  
  199  14:37  Marine x4  
  180  14:38  Marine  
  179  15:04  Siege Tank  
Show
View Real Time Build Order
Export as new Build Order

Spirit Terran 

Build Orders: Cyclone Opening 

Get SALT Encoding   

  12  0:00  SCV  
  13  0:12  SCV  
  14  0:17  Supply Depot  
  14  0:24  SCV  
  15  0:38  SCV  
  15  0:41  Barracks  
  16  0:45  Refinery  
  16  0:50  SCV  
  16  0:53  Refinery  
  17  1:03  SCV  
  18  1:15  SCV  
  19  1:28  Reaper  
  19  1:29  Orbital Command  
  20  1:34  Supply Depot  
  20  1:43  Factory  
  20  1:55  SCV  
  21  2:01  Reaper  
  21  2:07  SCV  
  24  2:23  Command Center  
  24  2:28  Hellion  
  24  2:33  Reaper  
  24  2:38  SCV  
  25  2:44  Supply Depot  
  27  2:51  Cyclone  
  27  2:53  SCV  
  26  3:13  Barracks Reactor  
  26  3:18  Starport  
  26  3:19  SCV  
  25  3:29  Cyclone  
  25  3:33  SCV  
  28  3:44  Orbital Command  
  28  3:48  SCV  
  28  3:50  Marine  
  28  3:54  Marine  
  31  4:01  SCV  
  31  4:02  Orbital Command  
  32  4:07  Factory Tech Lab  
  32  4:08  Marine  
  33  4:10  Starport Tech Lab  
  33  4:13  SCV  
  33  4:17  Marine  
  35  4:25  SCV  
  35  4:26  Siege Tank, Marine  
  35  4:29  Cloaking Field  
  40  4:33  SCV  
  40  4:34  Marine  
  40  4:37  SCV  
  43  4:39  Banshee  
  43  4:43  Marine  
  43  4:45  SCV  
  48  4:49  Supply Depot  
  48  4:50  SCV  
  49  4:57  SCV  
  49  5:02  SCV  
  49  5:06  Factory Reactor  
  50  5:09  SCV  
  50  5:14  SCV, Stimpack  
  52  5:17  Command Center  
  52  5:21  SCV  
  52  5:26  SCV  
  52  5:28  Banshee  
  54  5:33  Supply Depot  
  54  5:34  SCV  
  58  5:38  SCV  
  58  5:39  Barracks  
  59  5:46  SCV, Barracks  
  59  5:47  Marine  
  61  5:50  SCV  
  61  5:52  Refinery  
  60  5:58  SCV  
  60  6:02  SCV  
  60  6:03  Engineering Bay x2  
  62  6:10  SCV  
  63  6:14  SCV  
  64  6:19  Siege Tank  
  64  6:22  SCV, Starport Reactor  
  64  6:23  Marine  
  69  6:26  SCV  
  69  6:28  Marine x2  
  69  6:29  Orbital Command  
  72  6:34  SCV, Marine x2  
  75  6:40  SCV, Refinery  
  75  6:44  Marine  
  75  6:46  SCV, Marine  
  79  6:51  Missile Turret  
  79  6:52  SCV  
  80  6:56  Supply Depot  
  80  6:57  Orbital Command  
  80  6:58  SCV  
  80  6:59  Siege Tank  
  80  7:00  Marine  
  85  7:04  SCV  
  85  7:06  Marine  
  85  7:07  Marine  
  77  7:08  Marine  
  77  7:09  Marine  
  77  7:14  SCV  
  74  7:16  SCV  
  74  7:18  Marine  
  60  7:24  Orbital Command, Marine  
  60  7:25  Marine  
  60  7:26  SCV, Marine  
  60  7:29  SCV  
  66  7:36  Marine  
  66  7:37  Medivac x2  
  65  7:38  SCV  
  65  7:41  SCV  
  65  7:42  Marine  
  65  7:43  Marine  
  67  7:44  Marine  
  67  7:47  Barracks Tech Lab, Siege Tank  
  67  7:51  SCV  
  72  7:53  SCV x2, Marine  
  62  8:00  Marine  
  62  8:03  SCV  
  62  8:04  Refinery  
  62  8:05  SCV x2  
  66  8:07  Engineering Bay  
  66  8:08  Engineering Bay  
  66  8:10  Combat Shield  
  66  8:11  Marine  
  67  8:13  Marine  
  67  8:16  Marine  
  69  8:20  SCV  
  69  8:21  SCV x2  
  72  8:27  Marine x2  
  72  8:29  Marine  
  72  8:33  SCV x2  
  77  8:35  Terran Infantry Weapons Level 1, Terran Infantry Armor Level 1  
  77  8:36  Marine  
  77  8:37  Marine  
  80  8:42  Liberator  
  80  8:46  SCV  
  80  8:47  Liberator  
  86  8:48  Marine  
  86  8:51  SCV x2  
  89  8:57  Missile Turret  
  89  8:59  Supply Depot  
  89  9:00  Marine  
  89  9:01  Supply Depot  
  90  9:04  Siege Tank  
  93  9:10  Marine  
  93  9:20  SCV x3, Marine x4  
  93  9:22  Supply Depot  
  99  9:25  Supply Depot  
  99  9:28  Marine, Medivac  
  99  9:30  Medivac  
  102  9:38  Marine x4  
  102  9:45  Siege Tank  
  104  9:46  Marine  
  105  9:56  Marine x4  
  105  9:58  Medivac  
  105  9:59  Armory  
  111  10:00  Medivac  
  111  10:03  SCV  
  111  10:04  Marine  
  115  10:07  Barracks  
  115  10:12  SCV, Barracks  
  115  10:14  Marine x4  
  119  10:16  SCV  
  118  10:22  Marine  
  118  10:28  Medivac  
  121  10:30  Medivac  
  121  10:31  Marine x2  
  125  10:43  Supply Depot  
  125  10:44  Supply Depot  
  125  10:46  Orbital Command, Marine x3  
  125  10:53  Terran Infantry Weapons Level 2  
  125  10:54  Terran Infantry Armor Level 2  
  125  10:56  Barracks Reactor  
  125  10:59  Barracks Reactor  
  125  11:01  Marine x2  
  124  11:04  Marine x3  
  124  11:05  SCV x2  
  124  11:11  Supply Depot  
  128  11:17  SCV x2  
  129  11:19  Orbital Command, Marine x2  
  129  11:22  Marine x3  
  129  11:28  Missile Turret  
  129  11:29  SCV  
  129  11:30  SCV  
  127  11:33  Marine  
  127  11:34  Medivac  
  127  11:35  Medivac  
  127  11:36  Marine x2  
  134  11:40  Marine x3  
  134  11:41  SCV  
  134  11:42  SCV, Siege Tank  
  134  11:43  Marine  
  140  11:47  Marine  
  140  11:49  Marine  
  142  11:55  Marine  
  142  11:57  Marine  
  142  11:58  Marine  
  145  12:05  Marine  
  145  12:06  Orbital Command, Marine  
  145  12:08  Marine x4  
  135  12:13  Marine  
  135  12:15  Marine  
  140  12:18  Marine  
  141  12:23  Marine  
  141  12:25  Marine  
  141  12:26  Marine  
  141  12:28  Marine  
  145  12:35  Marine  
  118  12:43  Marine  
  123  12:47  Marine x5  
  123  12:48  Marine  
  126  12:53  Marine x2  
  128  13:01  Marine, Viking x2  
  128  13:03  Siege Tank  
  128  13:04  Marine  
  131  13:11  Supply Depot x2, Sensor Tower  
  131  13:12  Marine  
  131  13:17  Marine  
  131  13:19  Marine  
  133  13:21  Marine x3  
  136  13:33  Marine x4  
  137  13:34  Marine  
  137  13:35  Siege Tank  
  140  13:41  Marine  
  140  13:45  Factory  
  140  13:46  Viking x2  
  140  13:47  Marine x3  
  148  13:50  Marine  
  148  13:51  Marine x3  
  152  13:56  Marine  
  152  13:59  Marine  
  135  14:05  Marine x2  
  135  14:06  Marine  
  135  14:07  Siege Tank  
  135  14:08  Marine  
  135  14:09  Marine x2  
  135  14:12  Marine  
  135  14:15  Marine  
  136  14:24  Marine  
  136  14:25  Marine x3  
  136  14:26  Marine  
  136  14:27  Marine  
  136  14:28  Marine  
  136  14:31  Marine  
  140  14:35  Marine  
  102  14:39  Siege Tank  
  102  14:42  Marine  
Tags
 
Add a new tag
Caveats
  • Supply blocks, unpowered buildings, or Contaminate may cause inaccurate times.
  • Supply counts are checked every 10 seconds.